 Dungeon Crawl Stone Soup version 0.28.0-53-g5a82cb258f (webtiles) character file.

Game seed: 6468989798053910203

945 manifold the Basher (level 7, -1/85 HPs)
             Began as a Minotaur Fighter on June 21, 2022.
             Was an Initiate of Gozag.
             Succumbed to a goblin's poison
             ... on level 4 of the Dungeon on July 26, 2022.
             The game lasted 00:12:18 (4138 turns).

manifold the Basher (Minotaur Fighter)              Turns: 4138, Time: 00:12:19

Health: -1/85      AC: 12    Str: 23    XL:     7   Next: 89%
Magic:  6/6        EV:  6    Int:  5    God:    Gozag
Gold:   447        SH:  4    Dex:  9    Spells: 6/6 levels left

rFire   . . .      SeeInvis .   b - +2 morningstar (holy)
rCold   . . .      Faith    .   c - +0 buckler
rNeg    . . .      Spirit   .   r - +0 plate armour
rPois   .          Reflect  .   (helmet restricted)
rElec   .          Harm     .   j - +0 cloak
rCorr   .          Rampage  .   (no gloves)
Will    .....                   (no boots)
Stlth   ..........              m - amulet of magic regeneration
HPRegen 0.24/turn               (no ring)
MPRegen 0.50/turn               (no ring)

@: berserking, lethally poisoned (-1 -> -12), gold aura, attractive, very quick
A: horns 2, retaliatory headbutt
a: Renounce Religion, Potion Petition, Call Merchant, Bribe Branch


You were on level 4 of the Dungeon.
You worshipped Gozag.
Gozag was aware of your devotion.
You visited 1 branch of the dungeon, and saw 5 of its levels.
You also visited: Sewer.

You collected 487 gold pieces.
You paid 40 gold pieces to Gozag.

Inventory:

Hand Weapons
 b - a +2 morningstar of holy wrath (weapon)
 n - a +2 whip of electrocution
Armour
 c - a +0 buckler (worn)
 j - a +0 cloak (worn)
 r - a +0 plate armour (worn)
Jewellery
 m - an amulet of magic regeneration (around neck)
Wands
 h - a wand of mindburst (7)
Scrolls
 e - a scroll of holy word {unknown}
 g - 2 scrolls of enchant weapon {unknown}
 i - a scroll of fear {unknown}
 l - 2 scrolls of identify {unknown}
 s - 2 scrolls of enchant armour {unknown}
Potions
 d - 2 potions of might
 k - a potion of magic {unknown}
 o - a potion of haste {unknown}
 p - a potion of resistance {unknown}
 q - a potion of heal wounds {unknown}
 t - a potion of mutation {unknown}


   Skills:
 - Level 3.6 Fighting
 + Level 11.1 Maces & Flails
 - Level 3.6 Armour
 - Level 3.6 Shields


You had 6 spell levels left.
You didn't know any spells.
Your spell library contained the following spells:

 Spells                   Type           Power      Damage    Failure   Level
 Ensorcelled Hibernation  Hex/Ice        0%         N/A       100%        2
 Passwall                 Tmut/Erth      0%         N/A       100%        2
 Swiftness                Air            0%         N/A       100%        3


Dungeon Overview and Level Annotations

Branches:
Dungeon (5/15)             Temple (0/1) D:5           Sewer (visited)

Altars:
Dithmenos
Elyvilon
Gozag
Wu Jian


Innate Abilities, Weirdness & Mutations

You have a pair of horns on your head.
You reflexively headbutt those who attack you in melee.


Message History

The scorpion barely misses you. The goblin barely misses you.
The scorpion stings you but does no damage.
You hit the scorpion but do no damage.
The scorpion is almost dead.
You feel very sick.
The bullfrog skeleton is no longer distracted by gold.
The goblin hits you with a +1 dagger of venom.
* * * LOW HITPOINT WARNING * * *
You are lethally poisoned!
The bullfrog skeleton barely misses you.
You furiously retaliate!
You headbutt the bullfrog skeleton!
The scorpion stings you but does no damage.
You impale the scorpion!!
You kill the scorpion!
* * * LOW HITPOINT WARNING * * *
You feel very sick. The goblin completely misses you.
The bullfrog skeleton barely misses you.
You furiously retaliate!
You headbutt the bullfrog skeleton.
Your Maces & Flails skill increases to level 11!
It was a potion of attraction.
You feel attractive to monsters.
* * * LOW HITPOINT WARNING * * *
You feel very sick.
The bullfrog skeleton hits you but does no damage.
The goblin barely misses you.
It was a potion of berserk rage.
A red film seems to cover your vision as you go berserk!
You feel yourself moving faster!
You feel mighty!
* * * LOW HITPOINT WARNING * * *
You feel very sick.
You block the bullfrog skeleton's attack.
The goblin is distracted by your dazzling golden aura.
The bullfrog skeleton closely misses you.
The goblin shouts!
You are too berserk!
You sock the bullfrog skeleton!
The bullfrog skeleton convulses!
You destroy the bullfrog skeleton!
You die...
Your body crumbles into a pile of gold.

......
......
#####.#..#.
..
#..........
###
#..........
#
#..........
#
#.$g$......
#=.@.......
####$......
.......
.......
.......
.......
.......
.......


You could see a goblin.

Vanquished Creatures
  A water moccasin (D:5)
  A sky beast (D:5)
  A kobold brigand (Sewer)
  A bullfrog (D:4)
  3 scorpions
  A water moccasin zombie (D:5)
  A hound (D:5)
  A bullfrog skeleton (D:4)
  2 orc priests
  Natasha (thrice) (D:2)
  An iguana (D:5)
  6 adders
  4 river rats (Sewer)
  6 worms
  3 dart slugs (D:3)
  6 orcs (D:3)
  12 ball pythons
  2 bats
  10 endoplasms
  3 giant cockroaches
  5 goblins
  4 hobgoblins
  14 kobolds
  2 quokkas
  7 frilled lizards
  10 rats
110 creatures vanquished.

Vanquished Creatures (others)
  5 demonic plants (D:3)
  A withered plant (D:3)
6 creatures vanquished.

Grand Total: 116 creatures vanquished

Notes
Turn   | Place    | Note
-------+----------+-------------------------------------------
     0 | D:1      | manifold the Minotaur Fighter began the quest for the Orb.
     0 | D:1      | Reached XP level 1. HP: 19/19 MP: 0/0
   229 | D:1      | Reached skill level 3 in Maces & Flails
   300 | D:1      | Reached XP level 2. HP: 26/26 MP: 1/1
   710 | D:2      | Reached skill level 4 in Maces & Flails
  1054 | D:2      | Reached XP level 3. HP: 31/31 MP: 2/2
  1089 | D:2      | Noticed Natasha
  1098 | D:2      | Killed Natasha
  1104 | D:2      | Noticed Natasha
  1146 | D:2      | Killed Natasha
  1147 | D:2      | Reached skill level 5 in Maces & Flails
  1147 | D:2      | Reached XP level 4. HP: 27/39 MP: 3/3
  1310 | D:2      | Found a white marble altar of Elyvilon.
  1538 | D:2      | Reached skill level 6 in Maces & Flails
  1764 | D:2      | Noticed Natasha
  1772 | D:2      | Killed Natasha
  1827 | D:3      | Found a faded altar of an unknown god.
  1848 | D:3      | Reached XP level 5. HP: 45/45 MP: 4/4
  2342 | D:3      | Found an opulent altar of Gozag.
  2342 | D:3      | Found a white marble altar of Elyvilon.
  2342 | D:3      | Found an ornate altar of the Wu Jian Council.
  2396 | D:3      | Became a worshipper of Gozag Ym Sagoz the Greedy
  2444 | D:3      | Reached skill level 7 in Maces & Flails
  2579 | D:4      | Noticed an ogre
  2653 | D:4      | Reached skill level 8 in Maces & Flails
  2653 | D:4      | Reached XP level 6. HP: 41/51 MP: 5/5
  2662 | D:5      | Entered Level 5 of the Dungeon
  2740 | D:5      | Found a glowing drain.
  2764 | Sewer    | Entered a sewer
  3033 | Sewer    | Reached skill level 9 in Maces & Flails
  3198 | Sewer    | Reached XP level 7. HP: 28/57 MP: 6/6
  3706 | D:5      | Found a staircase to the Ecumenical Temple.
  3736 | D:5      | Identified the +1 leather armour of Itott {Regen+}
  3768 | D:5      | Reached skill level 10 in Maces & Flails
  3926 | D:5      | Found a shadowy altar of Dithmenos.
  4136 | D:4      | Reached skill level 11 in Maces & Flails
  4137 | D:4      | HP: 1/85 [poisoned by a goblin]
  4138 | D:4      | Succumbed to a goblin's poison

Illustrated notes

Levels and vault maps discovered:
D:1:      lightli_arrival_chessboard, layout_basic, kennysheep_crisscross
D:2:      minmay_kobold_bridge, layout_loops_ring, basic_altar,
          kennysheep_path_1, uniq_natasha
D:3:      layout_rooms, gammafunk_temple_overflow_claw,
          shapermc_ecumenical_altar_gd
D:4:      layout_rooms, kennysheep_mini, ebering_ghost_sewer_d,
          kennysheep_generic_room_12
D:5:      layout_basic, mainiacjoe_overflow_24_doors,
          minmay_temple_entry_proselytizer, portal_sewer_entry_b

Skill      XL: |  1  2  3  4  5  6  7 |
---------------+----------------------+-----
Maces & Flails | 3 4 5 6 8 9 11 | 11.1
Fighting       | |  3.6
Armour         | |  3.6
Shields        | |  3.6

Action                   |  1- 3 |  4- 6 |  7- 9 || total
-------------------------+-------+-------+-------++-------
Melee: Flail             |    45 |    51 |       ||    96
       Headbutt          |     5 |    15 |    15 ||    35
       Morningstar       |       |    83 |    32 ||   115
       Whip              |       |    23 |    38 ||    61
Evoke: Wand              |       |     3 |       ||     3
  Use: Potion            |       |       |     2 ||     2
 Stab: Distracted        |       |     1 |       ||     1
Armor: Scale mail        |    10 |    55 |    10 ||    75
       Plate armour      |       |       |    32 ||    32
Dodge: Dodged            |    14 |    50 |    34 ||    98
Block: Buckler           |     5 |    20 |    11 ||    36
